 Dungeon Crawl Stone Soup version 0.27-a0-1502-g47ed6a6988 (webtiles) character file.

Game seed: 15130305522087527516

210 bande the Covered (level 5, -4/33 HPs)
             Began as a Gargoyle Fighter on July 9, 2021.
             Slain by a wight (7 damage)
             ... on level 3 of the Dungeon.
             The game lasted 00:04:02 (2709 turns).

bande the Covered (Gargoyle Fighter)                Turns: 2709, Time: 00:04:03

Health: -4/33      AC: 13    Str: 20    XL:     5   Next: 88%
Magic:  5/5        EV:  5    Int:  8    God:
Gold:   143        SH:  9    Dex: 10    Spells: 4/4 levels left

rFire    . . .     SeeInvis .   a - +0 war axe
rCold    . . .     Faith    .   c - +0 kite shield
rNeg     + . .     Spirit   .   h - +0 chain mail
rPois    ∞         Reflect  .   (no helmet)
rElec    +         Harm     .   (no cloak)
rCorr    .         Rampage  .   (no gloves)
Will     .....                  (no boots)
Stlth    ..........             (no amulet)
HPRegen  0.11/turn              (no ring)
MPRegen  0.09/turn              (no ring)

@: flying
A: sickness immunity, AC +4, negative energy resistance 1, electricity
resistance, torment resistance 1, petrification resistance, big wings,
deterioration 1
a: no special abilities


You were on level 3 of the Dungeon.
You visited 1 branch of the dungeon, and saw 3 of its levels.

You collected 143 gold pieces.

Inventory:

Hand Weapons
 a - a +0 war axe (weapon)
 g - a +0 flail
Armour
 c - a +0 kite shield (worn)
 h - a +0 chain mail (worn)
Scrolls
 b - a scroll of immolation {unknown}
 e - 4 scrolls of identify {unknown}
 i - a scroll of enchant armour {unknown}
Potions
 d - a potion of might
 f - a potion of brilliance


   Skills:
 + Level 4.0 Fighting
 + Level 3.5 Axes
 + Level 4.3 Armour
 + Level 1.0 Dodging
 + Level 4.2 Shields


You had 4 spell levels left.
You didn't know any spells.
Your spell library contained the following spells:

 Spells                   Type           Power      Damage    Failure   Level
 Beastly Appendage        Tmut           0%         N/A       100%        1
 Wereblood                Tmut           0%         N/A       100%        2
 Inner Flame              Hex/Fire       0%         N/A       100%        3
 Spider Form              Tmut/Pois      0%         N/A       100%        3
 Cause Fear               Hex            0%         N/A       100%        4
 Discord                  Hex            0%         N/A       100%        8


Dungeon Overview and Level Annotations

Branches:
Dungeon (3/15)

Altars:
Trog


Innate Abilities, Weirdness & Mutations

You are immune to sickness and miasma.
Your stone body is resilient. (AC +4)
You are immune to poison.
You resist negative energy. (rN+)
You are resistant to electric shocks. (rElec)
You are resistant to unholy torment.
You are immune to petrification.
Your large and strong wings let you fly.
Your body sometimes deteriorates upon taking damage.


Message History

The wight is moderately damaged.
You hit the wight but do no damage. The wight completely misses you.
You block the wight's attack. The wight hits you with a +3 battleaxe.
You hit the wight.
The wight is severely damaged.
You completely miss the wight. The wight completely misses you.
The wight hits you with a +3 battleaxe. The wight hits you but does no damage.
You closely miss the wight.
The wight is severely damaged.
You closely miss the wight. x2; The wight hits you with a +0 flail.
You block the wight's attack. x2; The wight hits you but does no damage.
The wight barely misses you.
You barely miss the wight.
The wight is severely damaged.
You hit the wight. You barely miss the wight. The wight completely misses you.
You block the wight's attack. The wight hits you but does no damage.
You block the wight's attack. The wight hits you with a +0 flail.
Your shield and chain mail prevent you from hitting the wight.
The wight is severely damaged.
You hit the wight.
Your chain mail prevents you from hitting the wight.
You block the wight's attack. The wight barely misses you.
The wight hits you with a +0 flail. The wight hits you with a +3 battleaxe.
The wight hits you but does no damage.
You slash the wight!
You destroy the wight!
You hit the wight. You hit the wight but do no damage.
The wight hits you with a +3 battleaxe!
* * * LOW HITPOINT WARNING * * *
You block the wight's attack.
You feel your strength returning.
Your Fighting skill increases to level 4!
Your Dodging skill increases to level 1!
The wight hits you but does no damage.
Things that are here:
a +0 flail; a +0 robe Your chain mail prevents you from hitting the wight.
The wight is moderately damaged.
You hit the wight but do no damage. The wight hits you with a +3 battleaxe!
You die...

# .# ############.#####
#.................
......z@........#
#...#.#z..#.....# .
#...#.#......#### #.
#.....#...#...... # .. .
#.....#..#.....# # #...#
#.....###...#..# ## .#..
..#...#..#..#...# .#
...###...#.#.(.###....#
.###..#..[#...#...#...#...#


You could see 2 wights.

Vanquished Creatures
  A wight (D:3)
  Terence (D:2)
  3 orc wizards (D:3)
  3 adders
  9 orcs (D:3)
  A ball python (D:1)
  2 bats
  7 endoplasms
  3 giant cockroaches (D:1)
  3 goblins
  2 hobgoblins (D:1)
  4 jackals (D:2)
  4 kobolds
  3 frilled lizards
  6 rats
52 creatures vanquished.

Vanquished Creatures (others)
  A demonic plant (D:1)
  A plant (D:1)
2 creatures vanquished.

Grand Total: 54 creatures vanquished

Notes
Turn   | Place    | Note
-------+----------+-------------------------------------------
     0 | D:1      | bande the Gargoyle Fighter began the quest for the Orb.
     0 | D:1      | Reached XP level 1. HP: 14/14 MP: 1/1
    41 | D:1      | You fall into a shaft and drop 1 floor!
   304 | D:2      | Reached XP level 2. HP: 19/19 MP: 2/2
   476 | D:1      | Reached XP level 3. HP: 19/23 MP: 3/3
   824 | D:1      | Found a faded altar of an unknown god.
  1702 | D:2      | Noticed Terence
  1711 | D:2      | Killed Terence
  1712 | D:2      | Reached XP level 4. HP: 23/29 MP: 4/4
  2177 | D:3      | Found a bloodstained altar of Trog.
  2227 | D:3      | Reached XP level 5. HP: 20/33 MP: 5/5
  2230 | D:3      | Gained mutation: Your body sometimes deteriorates upon
                  | taking damage. [potion of mutation]
  2230 | D:3      | Gained mutation: Your large and strong wings let you fly.
                  | [potion of mutation]
  2708 | D:3      | Reached skill level 1 in Dodging
  2709 | D:3      | Slain by a wight

Illustrated notes

Levels and vault maps discovered:
D:1:      nzn_arrival_depleted_hourglass, layout_basic,
          shapermc_ecumenical_altar_gd
D:2:      layout_rooms, minivault_11, uniq_terence
D:3:      layout_basic, nicolae_overflow_hidden_temple,
          gammafunk_temple_overflow_elements, minmay_splitting_lines

Skill      XL: |  1  2  3  4  5 |
---------------+----------------+-----
Axes           | 2 3 |  3.5
Armour         | 4 |  4.3
Shields        | 4 |  4.2
Fighting       | 4 |  4.0
Dodging        | 1 |  1.0

Action                   |  1- 3 |  4- 6 || total
-------------------------+-------+-------++-------
Melee: War axe           |    95 |    86 ||   181
  Use: Scroll            |     3 |       ||     3
       Potion            |       |     3 ||     3
Armor: Scale mail        |    54 |    74 ||   128
       Chain mail        |       |    20 ||    20
Dodge: Dodged            |    30 |    40 ||    70
Block: Kite shield       |    54 |    67 ||   121

Table legend: (Time is in decaauts)
 A = Elapsed time spent in this place.
 B = Non-inter-level travel time spent in this place.
 C = Inter-level travel time spent in this place.
 D = Time resting spent in this place.
 E = Time spent auto-exploring this place.
 F = Levels seen in this place.
 G = Mean time per level.
                   A        B        C        D        E       F      G
               +--------+--------+--------+--------+--------+-----+--------+
         Total |   2818 |   2818 |      0 |    306 |   1911 |   3 |  939.3 |
       Dungeon |   2818 |   2818 |      0 |    306 |   1911 |   3 |  939.3 |
               +--------+--------+--------+--------+--------+-----+--------+

Top non-repeatable levels by time:
     D:1: 1189 daAuts
     D:3: 841 daAuts
     D:2: 786 daAuts
